[Event "*** Titled Tuesday Blitz"]
[Site "Chess.com"]
[Date "2021.04.20"]
[Round "10"]
[White "Loy_Konstantin"]
[Black "ajedrez1101"]
[Result "1-0"]
[WhiteElo "2384"]
[BlackElo "2166"]
[TimeControl "180+1"]
[EndTime "11:55:39 PDT"]
[Termination "Loy_Konstantin won by resignation"]

1. e4 b6 2. d4 Bb7 3. Bd3 e6 4. Nf3 d5 5. Nbd2 c5 6. c3 Nf6 7.
Qe2 Be7 8. O-O Qc8 9. e5 Nfd7 10. Re1 Nc6 11. Nf1 h6 12. Bd2 g5 13. h3 Qc7 14.
Rac1 c4 15. Bc2 O-O-O 16. Ng3 Rdg8 17. Nh2 h5 18. Nxh5 Qd8 19. g4 Rh6 20. Qf3 Rf8 21.
Qe2 Kb8 22. Nf1 Rfh8 23. Nfg3 f6 24. exf6 Nxf6 25. Bxg5 Nxh5 26. Bxh6 Nxg3 27. Bf4+ Bd6 28. Bxg3 Bxg3 29. fxg3 Rxh3 30. Kg2 Qh8 31. Rh1 Rxh1 32.
Rxh1 Qf6 33. Rf1 Qg7 34. Qxe6 Qg5 35. Qe8+ Nd8 36. Qe5+ Qxe5 37. dxe5 Ne6 38. Kf2 Bc8 39. Bf5 Kc7 40. Bxe6 Bxe6 41. g5 Bf5 42. Ke3 Be4 43.
Rf6 Kd7 44. Kd4 b5 45. a3 a5 46. g6 Ke7 47. g7 Bh7 48. Rf8 Bg8 49. Rxg8 Kf7 50. Rd8 Kxg7 1-0

[Event "*** Titled Tuesday Blitz"]
[Site "Chess.com"]
[Date "2021.04.20"]
[Round "10"]
[White "Eloist"]
[Black "ehrenfeld"]
[Result "0-1"]
[WhiteElo "2359"]
[BlackElo "2538"]
[TimeControl "180+1"]
[EndTime "11:55:41 PDT"]
[Termination "ehrenfeld won by checkmate"]

1. e4 e5 2. Bc4 Nf6 3. d3 Nc6 4. Nf3 Bc5 5. c3 d6 6. O-O a6 7. Bb3 Ba7 8. Nbd2 h6 9. Re1 Nh5 10. Nf1 O-O 11. Be3 Bxe3 12. Nxe3 Nf4 13. g3 Nh3+ 14. Kg2 Ne7 15. d4 exd4 16. cxd4 c6 17. Qd2 Ng5 18. Nxg5 hxg5 19. f3 Ng6 20. Rad1 Qf6 21.
Ng4 Bxg4 22. fxg4 Rae8 23. Rf1 Qe7 24. Rde1 c5 25. Rf5 cxd4 26. Qxg5 Qxg5 27. Rxg5 Ne5 28. Rd1 d3 29. h4 g6 30. h5 Kg7 31. hxg6 fxg6 32.
Bd5 Kf6 33. Rxe5 Kxe5 34. Rxd3 Rc8 35. Rd2 Rc7 36. a4 a5 37. g5 b6 38. Kh3 Rfc8 39. b3 Rc2 40. Rd3 R8c3 41. Rd1 Rf2 42. Kg4 Rg2 43.
Rh1 Rgxg3+ 44. Kh4 Rcf3 45. Rh2 Kf4 46. Rh1 Rg4# 0-1

[Event "*** Titled Tuesday Blitz"]
[Site "Chess.com"]
[Date "2021.04.20"]
[Round "10"]
[White "MrChampion_Coach"]
[Black "prachiti01"]
[Result "0-1"]
[WhiteElo "2402"]
[BlackElo "2258"]
[TimeControl "180+1"]
[EndTime "11:55:41 PDT"]
[Termination "prachiti01 won on time"]

1. d4 Nf6 2. c4 g6 3. Nc3 Bg7 4. e4 d6 5. Be2 O-O 6. Bg5 Nbd7 7. Qd2 c5 8. d5 a6 9. h4 Rb8 10. h5 b5 11. cxb5 axb5 12. Bxb5 Rxb5 13. Bxf6 Rxb2 14.
Qxb2 Nxf6 15. hxg6 Nxe4 16. gxh7+ Kh8 17. Nge2 Ba6 18. Rc1 Qa5 19. f3 Bxe2 20. fxe4 Bg4 21. O-O Bd4+ 22. Kh2 Kg7 23. Qd2 Be5+ 24. g3 f6 25. Kg2 Qb4 26. Rh1 Rh8 27. Qe3 Qb2+ 28. Kg1 Kf7 29. Rh4 Bd4 30. Qxd4 cxd4 31. Ne2 Bxe2 32.
Re1 d3 33. Kf2 Qd4+ 34. Kg2 d2 35. Rxe2 d1=Q 36. Rf2 Qe1 37. Rhf4 Rxh7 38. Kf3 Rh1 39. Kg4 Qdd1+ 40. R2f3 Rf1 41. a4 Rxf3 0-1

[Event "*** Titled Tuesday Blitz"]
[Site "Chess.com"]
[Date "2021.04.20"]
[Round "10"]
[White "picturesquecheck"]
[Black "rynos0411"]
[Result "0-1"]
[WhiteElo "2308"]
[BlackElo "2445"]
[TimeControl "180+1"]
[EndTime "11:55:42 PDT"]
[Termination "rynos0411 won by resignation"]

1. e4 c6 2. d4 d5 3. Nd2 dxe4 4. Nxe4 g6 5. Nf3 Bg7 6. Bd3 Nf6 7. O-O O-O 8. c3 Nbd7 9. Re1 Re8 10. Bf4 Nxe4 11. Bxe4 Nf6 12. Bc2 Bg4 13. h3 Bxf3 14. Qxf3 Qd7 15.
Rad1 Rad8 16. Be5 b5 17. Bb3 a5 18. a4 Nd5 19. Bxg7 Kxg7 20. Re5 e6 21. axb5 cxb5 22.
Bxd5 exd5 23. Rde1 Rxe5 24. dxe5 Qe7 25. Qd3 b4 26. Qd4 bxc3 27. Qxc3 Qb4 28. Ra1 d4 29. Qf3 Qb6 30. Ra3 Re8 31. Qd5 Qxb2 32. Rf3 Re7 33. Qxa5 d3 34. Qa6 d2 35. Qf6+ Kg8 36. Qxe7 d1=Q+ 37.
Kh2 Qd5 38. e6 Qbe5+ 39. Rg3 Qexe6 40. Qa7 Qdf5 41. Qb8+ Kg7 42. Qb2+ Qee5 43. Qa2 Qef6 44. Rf3 Q5e5+ 45. Rg3 h5 46. Kh1 Qe1+ 47. Kh2 Qexf2 48. Qa8 h4 0-1

[Event "*** Titled Tuesday Blitz"]
[Site "Chess.com"]
[Date "2021.04.20"]
[Round "10"]
[White "Gusarov91"]
[Black "RiskyDecision"]
[Result "0-1"]
[WhiteElo "2619"]
[BlackElo "2493"]
[TimeControl "180+1"]
[EndTime "11:55:43 PDT"]
[Termination "RiskyDecision won by resignation"]

1. d4 f5 2. g4 fxg4 3. h3 g3 4. fxg3 d5 5. Bf4 e6 6. Bg2 Bd6 7. Qd2 Nf6 8. Nf3 Ne4 9. Qe3 Nxg3 10. Rg1 Nf5 11. Qd2 Nc6 12. Nc3 O-O 13. O-O-O Nfxd4 14. Bxd6 Nxf3 15. Bxf3 Qxd6 16. Kb1 Qf4 17. Qd3 Ne5 18.
Qb5 Bd7 19. Qc5 b6 20. Qxc7 Nxf3 21. Qxf4 Rxf4 22. exf3 Rxf3 23. h4 Raf8 24. h5 Rh3 25. Rg5 Rf7 26. a4 Kf8 27. a5 bxa5 28. Ne2 Ke7 29.
Nd4 h6 30. Re5 Kd6 31. Rde1 Rf6 32. c3 a4 33. Ka2 Rg3 34. Ka3 Rg5 35. Rxg5 hxg5 36.
Rg1 e5 37. Nc2 g4 38. Ne3 Rf4 39. Rd1 Bc6 40. Rg1 Bd7 41. Rd1 Be6 42. Rh1 Re4 43. Nc2 g3 44. Rg1 Rg4 45. Ne3 Rg5 46. Kxa4 d4 47. cxd4 exd4 48. Nc2 Kd5 49. Kb4 g2 50. Ne1 Bh3 51. Nf3 Rg3 52. Ne1 Ke4 53. Kc4 Ke3 54. h6 gxh6 55. Nc2+ Kf2 56. Rd1 g1=Q 57.
Rxg1 Kxg1 58. Nxd4 Rg4 59. Kc3 Rxd4 60. Kxd4 h5 61.
Ke3 Kg2 62. Kf4 Bg4 63. Kg5 Kg3 64. b4 h4 65. b5 h3 66. b6 axb6 67. Kf6 h2 68.
Ke5 0-1

[Event "*** Titled Tuesday Blitz"]
[Site "Chess.com"]
[Date "2021.04.20"]
[Round "10"]
[White "Skat2704"]
[Black "SilviusTiberius"]
[Result "1-0"]
[WhiteElo "2677"]
[BlackElo "2576"]
[TimeControl "180+1"]
[EndTime "11:55:44 PDT"]
[Termination "Skat2704 won by resignation"]

1. d4 Nf6 2. c4 e6 3. Nf3 d5 4. Nc3 Be7 5. Bg5 h6 6. Bh4 O-O 7. e3 b6 8. cxd5 Nxd5 9. Bg3 Bb7 10. Bd3 c5 11. O-O cxd4 12. exd4 Nd7 13. Rc1 N7f6 14.
Bb1 Nxc3 15. Rxc3 Rc8 16. Be5 Rxc3 17. bxc3 Qd5 18. Re1 Rc8 19. Bxf6 Bxf6 20. Be4 Qd7 21. Bxb7 Qxb7 22. Qd3 Qd5 23. Re2 b5 24. h3 Rc4 25.
Ne5 Ra4 26. Ng4 Rxa2 27. Rxa2 Qxa2 28. Qxb5 Qa1+ 29. Kh2 Qxc3 30. Qe8+ Kh7 31. Nxf6+ gxf6 32. Qxf7+ Kh8 33. Qxf6+ Kh7 34. Qe7+ Kh8 35. Qxa7 Qd2 36. Qa8+ Kg7 37. Qb7+ Kg8 38. Qc8+ Kf7 39. Qd7+ Kf6 40. Qd6 Kf7 41. f3 h5 42. Qe5 h4 43. Qh5+ Kg7 44.
Qg4+ Kf8 45. Qxh4 e5 46. Qf6+ Kg8 47. dxe5 Kh7 48. e6 Qd6+ 49. f4 Qd2 50. e7 Qe1 51. f5 Qe4 52. Qg6+ 1-0

[Event "*** Titled Tuesday Blitz"]
[Site "Chess.com"]
[Date "2021.04.20"]
[Round "10"]
[White "ZAbdumalik"]
[Black "IANOV0007"]
[Result "0-1"]
[WhiteElo "2606"]
[BlackElo "2480"]
[TimeControl "180+1"]
[EndTime "11:55:46 PDT"]
[Termination "IANOV0007 won by resignation"]

1. e4 d6 2. d4 Nf6 3. Nc3 c6 4. Nf3 Bg4 5. h3 Bh5 6. a4 e6 7. Be2 d5 8. exd5 cxd5 9. a5 Bxf3 10. Bxf3 Nc6 11. a6 b6 12. O-O Be7 13. Ne2 O-O 14.
c3 Rc8 15. Nf4 Na5 16. Be2 Nc4 17. Qd3 Ne4 18. Nh5 g6 19. Ng3 Ned6 20. Bh6 Re8 21.
b3 Na5 22. Rab1 Bg5 23. Bxg5 Qxg5 24. f4 Qe7 25. Bf3 Qc7 26. Rfc1 Red8 27. Ne2 Qd7 28. Kf2 Qb5 29. Qxb5 Nxb5 30. Ke3 Nc7 31. b4 Nc4+ 32. Kd3 Nb5 33. g4 Ncd6 34. h4 h6 35. Ng3 Rc7 36. f5 Rdc8 37. Rb3 Rc4 38.
Kd2 Nxd4 39. cxd4 Rxc1 40. fxg6 fxg6 41. Ne2 R1c2+ 42. Kd3 Ra2 43. Nf4 Kf7 44. h5 g5 45.
Ng6 Nc4 46. Ne5+ Nxe5+ 47. dxe5 Rxa6 48. Bd1 Rc1 49. Kd2 Rc4 50. Be2 Ra2+ 51. Kd3 Re4 52. Bf3 Rxe5 53. Rc3 Kf6 54. Rc8 Ra3+ 55. Kd4 Re1 56.
Rf8+ Ke7 0-1

[Event "*** Titled Tuesday Blitz"]
[Site "Chess.com"]
[Date "2021.04.20"]
[Round "10"]
[White "bazar-wokzal"]
[Black "eduardoperalta"]
[Result "0-1"]
[WhiteElo "2675"]
[BlackElo "2509"]
[TimeControl "180+1"]
[EndTime "11:55:49 PDT"]
[Termination "eduardoperalta won by resignation"]

1. e4 c5 2. c3 e5 3. Nf3 Nc6 4. Bc4 Be7 5. O-O Nf6 6. d4 d6 7. Ng5 O-O 8. Qb3 Na5 9. Bxf7+ Kh8 10. Qd1 Nxe4 11. Nxe4 Rxf7 12. dxe5 dxe5 13. Qxd8+ Bxd8 14. Nxc5 Bb6 15. Ne4 Bg4 16. h3 Be2 17. Re1 Bd3 18.
Nbd2 Rd8 19. Nf3 Nc6 20. Bg5 Rdd7 21. Rad1 h6 22. Bh4 a6 23. Bg3 Rfe7 24. b4 Kg8 25. Nc5 Bxc5 26. bxc5 e4 27. Nd4 Nxd4 28. cxd4 Rxd4 29.
f3 e3 30. Rc1 e2 31. c6 bxc6 32. Rxc6 Bb5 33. Rc8+ Kh7 34. Bf2 Rd1 35. g4 Rf7 36. Kg2 Rfd7 37. Rb8 R7d2 38. a3 Ra2 39. h4 Raa1 40.
Rxe2 Bxe2 41. g5 hxg5 42. hxg5 Bd3 43. f4 Rxa3 44. Rb7 Be4+ 45. Kh2 Bxb7 0-1

[Event "*** Titled Tuesday Blitz"]
[Site "Chess.com"]
[Date "2021.04.20"]
[Round "10"]
[White "Nf3c5"]
[Black "hansen"]
[Result "0-1"]
[WhiteElo "2629"]
[BlackElo "2811"]
[TimeControl "180+1"]
[EndTime "11:55:50 PDT"]
[Termination "hansen won on time"]

1. d4 Nf6 2. Bf4 g6 3. Nc3 Bg7 4. e4 d6 5. Qd2 c6 6. h4 Qa5 7. Bd3 e5 8. dxe5 dxe5 9. Bh6 Bxh6 10. Qxh6 Nbd7 11. Nf3 Qb4 12. O-O-O Ng4 13. Qd2 Qc5 14. Rhf1 Qe7 15. Bc4 h6 16. Kb1 Nb6 17. Bb3 a5 18. a3 O-O 19. Ne1 Kg7 20. f3 Nf6 21.
g4 Be6 22. Ng2 Rad8 23. Qe2 Bxb3 24. cxb3 Qe6 25. Kc2 Rd4 26. Ne3 Rfd8 27. Rg1 Qe7 28. h5 Nh7 29. hxg6 fxg6 30. Rh1 Ng5 31. Qh2 Nf7 32.
Rhg1 Qg5 33. Qe2 Qf4 34. Qf2 Ng5 35. Rgf1 Nh3 36. Qe2 Qf6 37. Ng2 Nd7 38. Qe3 Nc5 39. b4 axb4 40. axb4 Ne6 41. f4 Nhxf4 42. Nxf4 exf4 43.
Qf3 Rxb4 44. Rxd8 Qxd8 45. Rd1 Rd4 46. Ra1 Rd2+ 47. Kb3 Nd4+ 48. Kc4 Nxf3 0-1

[Event "*** Titled Tuesday Blitz"]
[Site "Chess.com"]
[Date "2021.04.20"]
[Round "10"]
[White "superchess02"]
[Black "federicosellitti"]
[Result "1-0"]
[WhiteElo "2743"]
[BlackElo "2602"]
[TimeControl "180+1"]
[EndTime "11:55:50 PDT"]
[Termination "superchess02 won by checkmate"]

1. d4 d5 2. c4 Nc6 3. Nf3 Bg4 4.
e3 Nf6 5. h3 Bxf3 6. Qxf3 e5 7.
cxd5 Qxd5 8. Qxd5 Nxd5 9. dxe5 Nxe5 10. Bd2 O-O-O 11. a3 g6 12. f4 Nc6 13. e4 Nf6 14.
Bc3 Bg7 15. Nd2 Rhe8 16. O-O-O Nd4 17. e5 Nh5 18. Ne4 Nb3+ 19. Kc2 Rxd1 20. Kxd1 Nxf4 21.
Bc4 Rd8+ 22. Ke1 Nc1 23. Kf2 Ncd3+ 24. Kf3 Bxe5 25. Bb3 Bxc3 26. bxc3 f5 27. Ng5 Nc5 28.
Kxf4 Nxb3 29. Nxh7 Rd3 30. Nf8 Rxc3 31. Nxg6 Nd4 32. h4 Rxa3 33. h5 Ra6 34. h6 Ne6+ 35.
Kxf5 Nd4+ 36. Ke5 Rxg6 37. Kxd4 Rg8 38. h7 Rh8 39. Ke5 Kd7 40. Kf6 c5 41. g4 c4 42. g5 b5 43. g6 b4 44. g7 Rxh7 45.
Rxh7 c3 46. g8=Q+ Kc6 47. Qe6+ Kb5 48. Rb7+ Ka4 49. Rxa7+ Kb5 50. Rb7+ Kc5 51. Ke5 c2 52. Qd5# 1-0

[Event "*** Titled Tuesday Blitz"]
[Site "Chess.com"]
[Date "2021.04.20"]
[Round "10"]
[White "champ2005"]
[Black "Murad_Ibrahimli"]
[Result "0-1"]
[WhiteElo "2970"]
[BlackElo "2763"]
[TimeControl "180+1"]
[EndTime "11:55:51 PDT"]
[Termination "Murad_Ibrahimli won by resignation"]

1. c4 Nf6 2. Nc3 e6 3. e3 c5 4. Nf3 a6 5. d4 d5 6. a3 dxc4 7.
Bxc4 b5 8. Bd3 Bb7 9. O-O Nbd7 10. Qe2 Be7 11. Rd1 Qc7 12. Bd2 O-O 13. Rac1 Rac8 14. Bb1 Qb8 15. Ba2 Qa8 16. h3 cxd4 17. exd4 Bxf3 18.
gxf3 Nb6 19. Kh1 Nc4 20. Be3 Nd5 21. Ne4 Qb8 22. Rg1 Nf4 23. Qf1 Nxe3 24. fxe3 Rxc1 25. Qxc1 Ne2 26. Qe1 Nxg1 27. Qxg1 Qc7 28. Nc3 a5 29. Bb1 b4 30. axb4 axb4 31. Ne2 Rc8 32. Qd1 Bg5 33.
Qd3 g6 34. Kg2 Qa5 35. Qd2 Bh6 36. Ng3 Qa1 37. Qd3 b3 38. Ne2 Qxb2 39. f4 Bg7 40. Kf3 h5 41. e4 Rc2 42. Bxc2 bxc2 43. Qd2 Bxd4 44. e5 Qb3+ 45. Kg2 Bb2 46. Qd8+ Kh7 47.
Qf6 Qd5+ 48. Kg3 Qd7 49. f5 exf5 50. e6 Qd6+ 0-1

[Event "*** Titled Tuesday Blitz"]
[Site "Chess.com"]
[Date "2021.04.20"]
[Round "10"]
[White "Piccadilly123"]
[Black "mr65"]
[Result "0-1"]
[WhiteElo "2212"]
[BlackElo "2136"]
[TimeControl "180+1"]
[EndTime "11:55:52 PDT"]
[Termination "mr65 won on time"]

1. e4 c5 2. c3 e6 3. d4 cxd4 4. cxd4 d5 5. exd5 Qxd5 6. Nc3 Qd8 7. Nf3 Nf6 8. Bd3 Be7 9. O-O O-O 10. Bg5 h6 11.
Bh4 b6 12. Rc1 Bb7 13. Bb1 Nbd7 14. Qd3 Re8 15. Rfd1 Nf8 16. Ne5 Nd5 17. Bxe7 Qxe7 18. Ne4 Red8 19. Nc6 Bxc6 20. Rxc6 Nb4 21. Qc4 Nxc6 22.
Qxc6 Rac8 23. Qb5 Rd5 24. Qd3 e5 25. Nc3 Rxd4 26. Qe2 Rxd1+ 27. Qxd1 g6 28. Qd2 Kg7 29. g3 Ne6 30. h4 Nd4 31. Qe3 Qf6 32. Kg2 b5 33. a3 a5 34. h5 b4 35. axb4 axb4 36. Nd5 Qd6 37. hxg6 fxg6 38. Be4 Nf5 39. Qa7+ Kh8 40.
Qf7 Rf8 41. Qb7 Qc5 42. Qxb4 Qxb4 43. Nxb4 Rb8 44. Nd3 Kg7 45. b4 Nd6 46. Bd5 e4 47. Nc5 Rxb4 48. g4 Rb5 49. Ne6+ Kf6 50. Ba2 Rb2 51.
Bd5 Ke5 0-1

[Event "*** Titled Tuesday Blitz"]
[Site "Chess.com"]
[Date "2021.04.20"]
[Round "10"]
[White "AlexTriapishko"]
[Black "PchelkinVK"]
[Result "1-0"]
[WhiteElo "2886"]
[BlackElo "2639"]
[TimeControl "180+1"]
[EndTime "11:55:53 PDT"]
[Termination "AlexTriapishko won on time"]

1. e4 e6 2. d4 d5 3. Bd3 c5 4. exd5 exd5 5. Nf3 Nc6 6. O-O cxd4 7. Re1+ Be7 8. Bg5 Nf6 9. Bxf6 gxf6 10. Nbd2 Rg8 11. Nh4 Be6 12. Qh5 Qd7 13. f4 Bg4 14. Qxh7 O-O-O 15. Bf5 Bxf5 16. Qxf5 Bb4 17. Qxd7+ Kxd7 18. Rad1 Rg4 19.
g3 Rdg8 20. Kf2 Rh8 21. a3 Ba5 22. Rf1 f5 23. Ndf3 Bb6 24. Kg2 Rh5 25. Kh1 Bc7 26. Nxd4 Bxf4 27. Ndxf5 Bc7 28. Rxd5+ Ke6 29. Ng7+ Kxd5 30.
Nxh5 Rd4 31. Rxf7 Bd6 32. Kg2 Ne5 33. Rf2 Ng4 34. Re2 Rd1 35. Nf5 Bc5 36. Nf4+ Kc6 37.
h3 Nf6 38. Re6+ Kb5 39. Rxf6 Rd2+ 40. Kf3 Rxc2 41. Nd3 Bb6 42. Nd6+ Ka4 43. Nxb7 Rd2 44. Ke4 Kb3 45. Nbc5+ Kc2 46. b4 Rh2 47. Rf2+ Rxf2 48. Nxf2 Bc7 49. g4 Kb2 50. Nfd3+ Kxa3 51. g5 Bd6 52. g6 Bf8 53. h4 a5 54. bxa5 1-0

[Event "*** Titled Tuesday Blitz"]
[Site "Chess.com"]
[Date "2021.04.20"]
[Round "10"]
[White "Ladislav1969"]
[Black "alexgo05"]
[Result "0-1"]
[WhiteElo "2315"]
[BlackElo "2463"]
[TimeControl "180+1"]
[EndTime "11:55:53 PDT"]
[Termination "alexgo05 won by resignation"]

1. e4 c6 2. d4 g6 3. e5 d6 4. exd6 Qxd6 5. c3 Bg7 6. Nf3 Bg4 7. Be2 Nd7 8. h3 Bxf3 9. Bxf3 e5 10. dxe5 Qxd1+ 11. Bxd1 Nxe5 12. O-O O-O-O 13. Be2 Nd3 14. Bxd3 Rxd3 15. Be3 Ne7 16. Na3 b6 17. Rad1 Rxd1 18. Rxd1 Nd5 19. Bd4 Bxd4 20. Rxd4 Re8 21. Kf1 Kc7 22. Nc2 Re5 23. g3 c5 24. Rd2 Kc6 25. Ne1 Re4 26. Nf3 f6 27. h4 a5 28. Re2 Rxe2 29. Kxe2 Ne7 30. Nd2 Kd5 31. Kd3 Nc6 32. Ne4 Ne5+ 33. Ke3 Nc4+ 34. Kf3 f5 35. Nf6+ Ke6 36.
Nxh7 Nxb2 37. Ng5+ Kf6 38. Ke2 b5 39. f3 a4 40. g4 b4 41. cxb4 cxb4 42. Kd2 Nc4+ 43. Kc1 Ne5 44. gxf5 Kxf5 45. Kc2 Kf4 46. Ne6+ Kxf3 47.
Nc5 a3 48. Kb3 Nc6 49. Na6 Kg4 50. Nxb4 Nxb4 51. Kxb4 Kxh4 52. Kxa3 g5 53. Kb4 g4 54.
a4 g3 55. a5 g2 56. a6 g1=Q 57. Kb5 Qa7 58. Ka5 Kg5 59. Kb5 Kf5 60. Ka5 Ke5 61.
Kb5 Kd5 62. Ka5 Kc5 0-1

[Event "*** Titled Tuesday Blitz"]
[Site "Chess.com"]
[Date "2021.04.20"]
[Round "10"]
[White "FMOlexandrProhorov"]
[Black "ClydeHillKid"]
[Result "1-0"]
[WhiteElo "2263"]
[BlackElo "2407"]
[TimeControl "180+1"]
[EndTime "11:55:53 PDT"]
[Termination "FMOlexandrProhorov won by resignation"]

1. Nf3 d5 2. d4 Nf6 3. c4 e6 4. Nc3 c6 5. e3 Nbd7 6. Qc2 Bd6 7. g4 Nxg4 8. Rg1 h5 9. h3 Nh6 10. Rxg7 Qf6 11. Rh7 Rg8 12. e4 Nf8 13. Rxh6 Qxf3 14. cxd5 cxd5 15. Nb5 Bb4+ 16. Bd2 Bxd2+ 17. Qxd2 Qxe4+ 18. Qe3 Qxe3+ 19. fxe3 Ke7 20. Rxh5 Bd7 21. Nc3 Bc6 22.
Kf2 Nd7 23. Bd3 Nf6 24. Rh4 Rg7 25. Rg1 Rag8 26. Rxg7 Rxg7 27. Rh8 Be8 28. Ne2 a6 29. Nf4 Kd6 30. Rh6 Nd7 31. h4 Kc7 32. Rh8 Nf6 33.
Rh6 Ng8 34. Rxe6 Bb5 35. Bxb5 axb5 36. Re5 Kc6 37. Rxd5 Nf6 38. Rc5+ Kd6 39. Rf5 Ne4+ 40.
Kf3 Nd2+ 41. Ke2 Nc4 42. b3 Nb6 43. Rxb5 Kc6 44. Rc5+ Kd6 45. h5 Nd7 46. Rd5+ Ke7 47. h6 Rh7 48. Rh5 Nf6 49. Rh4 Kd6 50. Kd3 Rh8 51. e4 Nd7 52. e5+ Ke7 53. Nd5+ Ke6 54. Ne3 Rh7 55. Ke4 f6 56. d5+ Ke7 57. Nf5+ Kd8 58.
e6 Nc5+ 59. Kd4 b6 60. Rg4 Kc7 61. Rg7+ Rxg7 62. hxg7 1-0

[Event "*** Titled Tuesday Blitz"]
[Site "Chess.com"]
[Date "2021.04.20"]
[Round "10"]
[White "Oleksandr_Bortnyk"]
[Black "rasmussvane"]
[Result "0-1"]
[WhiteElo "2948"]
[BlackElo "2908"]
[TimeControl "180+1"]
[EndTime "11:55:54 PDT"]
[Termination "rasmussvane won on time"]

1. e4 c6 2. c4 d5 3. cxd5 cxd5 4. exd5 Nf6 5. Qa4+ Nbd7 6. Nc3 g6 7. Bc4 Bg7 8. d3 a6 9. Nf3 Rb8 10. Bb3 O-O 11.
O-O b5 12. Qh4 Bb7 13. Bh6 Nc5 14. Bxg7 Kxg7 15. Rfe1 b4 16. Ne4 Nxb3 17. axb3 Qxd5 18. Ng3 Qxd3 19. Re3 Qc2 20. Nd4 Qxb2 21. Rae1 e6 22. Re5 h6 23. Rxe6 fxe6 24. Nxe6+ Kg8 25. Nxf8 Rxf8 26.
Qxb4 Bd5 27. h3 Nh5 28. Ne4 Bxe4 29. Qxe4 Qxf2+ 30. Kh2 Qf4+ 31. Qxf4 Nxf4 32. Re7 Rf7 33. Re8+ Kg7 34. Re4 g5 35. Ra4 Rf6 36. Ra5 Rb6 37. Rc5 Ne6 38. Rc3 Nd4 39. b4 Nc6 40. Rd3 Nxb4 41.
Rd7+ Kg6 42. g4 a5 43. Kg3 Ra6 44. h4 gxh4+ 45. Kxh4 a4 46. Rd4 Nc2 47. Rd2 Ne3 48. Ra2 a3 49. g5 hxg5+ 50. Kg3 Nd5 51. Kg4 Ra4+ 52. Kg3 Nb4 53. Ra1 a2 54. Rc1 a1=Q 0-1

[Event "*** Titled Tuesday Blitz"]
[Site "Chess.com"]
[Date "2021.04.20"]
[Round "10"]
[White "frederiksvane"]
[Black "FairChess_on_YouTube"]
[Result "0-1"]
[WhiteElo "2760"]
[BlackElo "3006"]
[TimeControl "180+1"]
[EndTime "11:55:54 PDT"]
[Termination "FairChess_on_YouTube won by resignation"]

1. e4 c5 2. Nf3 e6 3. d4 cxd4 4. Nxd4 Nc6 5. Nc3 Qc7 6. g3 a6 7. Bg2 Nf6 8. O-O Nxd4 9. Qxd4 Bc5 10. Bf4 d6 11. Qd2 h6 12. Rad1 e5 13. Be3 Bxe3 14.
Qxe3 Be6 15. h3 O-O 16. f4 Rfd8 17. Rf2 Rac8 18. f5 Bc4 19. g4 b5 20. a3 a5 21. g5 hxg5 22. Qxg5 b4 23. axb4 axb4 24. Nb1 Ba2 25. Kh1 Kf8 26. Bf3 Ke7 27. Rg2 Rh8 28. Kh2 Qc5 29. Nd2 Qxc2 30. Nf1 Qc5 31. Ne3 Rh7 32. Rc2 Qxc2+ 33. Nxc2 Rxc2+ 34. Rd2 b3 35. Qe3 Rh4 36. Qf2 Rf4 37. Rxc2 bxc2 38. Qxc2 Rxf3 39. Qc7+ Nd7 40. Qc2 f6 41. b4 Bf7 42. Qe2 Rb3 43.
b5 Nc5 44. Qg2 Rxb5 45. Qxg7 Rb2+ 46. Kg1 Nxe4 47. h4 Rb3 48. Kf1 Rf3+ 49. Ke1 Rxf5 50.
Qg4 Rf4 51. Qh3 Nf2 52. Qh2 Ng4 53. Qh3 Re4+ 54. Kd2 Rd4+ 55. Ke1 Rd1+ 56. Ke2 Bc4+ 57. Kxd1 Nf2+ 0-1

[Event "*** Titled Tuesday Blitz"]
[Site "Chess.com"]
[Date "2021.04.20"]
[Round "10"]
[White "Cuajada_Zero"]
[Black "muchojogo"]
[Result "0-1"]
[WhiteElo "2308"]
[BlackElo "2460"]
[TimeControl "180+1"]
[EndTime "11:55:55 PDT"]
[Termination "muchojogo won on time"]

1. d4 Nf6 2. Bg5 c5 3. Nc3 cxd4 4. Qxd4 Nc6 5. Qh4 Qb6 6. O-O-O Qb4 7. Qxb4 Nxb4 8. e4 d6 9. Bc4 Nc6 10. f3 a6 11. Nge2 e6 12. Bb3 Be7 13. Na4 b5 14. Nb6 Rb8 15. Nxc8 Rxc8 16. Rd2 Na5 17. Rhd1 Nxb3+ 18. axb3 Nxe4 19. Bxe7 Nxd2 20. Rxd2 Kxe7 21. b4 Rc4 22. c3 Rhc8 23. Kb1 Rh4 24. h3 Rh5 25. Nf4 Rg5 26. Re2 Rc4 27. Nd3 Rd5 28. Nf2 f5 29. Kc2 a5 30. bxa5 b4 31. Kb3 bxc3 32. Kxc4 cxb2 33.
Rxb2 Rxa5 34. Kd3 Kf6 35. Rb6 Ra2 36. Ke3 d5 37. f4 Ra3+ 38. Ke2 Ra2+ 39. Ke3 h6 40.
Kf3 Ra3+ 41. Ke2 Rg3 42. Kf1 Rc3 43. Ke2 Rc2+ 44. Kf3 Rc3+ 45. Ke2 Rc4 46. Kf3 d4 47.
g4 Rc3+ 48. Ke2 Re3+ 49. Kf1 Rf3 50. gxf5 Kxf5 51. Kg2 Rxf4 52. Rd6 e5 53. Rd7 g5 54. Rf7+ Kg6 55. Rxf4 gxf4 56. Kf3 Kf5 57. Ne4 h5 58. h4 Ke6 59. Ng5+ Kd5 60. Ne4 d3 61. Nf2 Kd4 62. Ne4 Kc4 63. Nd2+ Kd5 64. Ne4 Kd4 65. Nd2 Kc3 66.
Ne4+ Kc2 67. Kf2 d2 68. Nxd2 Kxd2 0-1

[Event "*** Titled Tuesday Blitz"]
[Site "Chess.com"]
[Date "2021.04.20"]
[Round "10"]
[White "kleopl"]
[Black "Nikolaj_6"]
[Result "0-1"]
[WhiteElo "2508"]
[BlackElo "2623"]
[TimeControl "180+1"]
[EndTime "11:55:56 PDT"]
[Termination "Nikolaj_6 won by resignation"]

1. c4 e5 2. Nc3 Nf6 3. Nf3 Nc6 4. e4 Bb4 5. d3 O-O 6. g3 d6 7. Bg2 Bg4 8. h3 Bxf3 9. Qxf3 Nd4 10. Qd1 c6 11.
O-O a5 12. Kh2 Nd7 13. f4 exf4 14. Bxf4 Ne5 15. Ne2 Bc5 16. Be3 Nxe2 17. Qxe2 Bxe3 18. Qxe3 c5 19. b3 a4 20. d4 cxd4 21. Qxd4 axb3 22.
axb3 Qc7 23. Rfd1 Rxa1 24. Rxa1 b6 25. Qd5 Qc5 26. Rd1 Qxd5 27. Rxd5 Rd8 28. Bf1 Kf8 29. b4 Ke7 30. c5 bxc5 31. bxc5 f6 32. cxd6+ Rxd6 33. Rxd6 Kxd6 34. Kg2 Kc5 35. Kf2 Kd4 36. Bg2 Kd3 37.
h4 g6 38. Bh1 h6 39. Bg2 g5 40. hxg5 hxg5 41. Bh1 Kd4 42. Bg2 Nc4 43. Kf3 Nd2+ 44. Kg4 Ke5 45. Bh1 Nxe4 46. Bg2 Nf2+ 47. Kf3 Nd3 48. Ke3 Nc5 49. Bf3 Ne6 50. Be2 Nd4 51.
Bd1 f5 52. Ba4 Ne6 53. Bd7 Nc5 54. Bc6 g4 55. Ba8 Ne4 56. Bb7 Nxg3 57. Kf2 Kf4 58. Bc8 Ne4+ 59. Kg2 Nd6 60. Bd7 Kg5 61. Kf2 f4 62.
Kg2 Ne4 63. Bc6 f3+ 64. Kf1 Kf4 65. Kg1 g3 66. Bb5 Nc3 67. Kf1 Nxb5 0-1

[Event "*** Titled Tuesday Blitz"]
[Site "Chess.com"]
[Date "2021.04.20"]
[Round "10"]
[White "Vuk2000"]
[Black "Beca95"]
[Result "0-1"]
[WhiteElo "2731"]
[BlackElo "2858"]
[TimeControl "180+1"]
[EndTime "11:55:57 PDT"]
[Termination "Beca95 won by checkmate"]

1. d4 Nf6 2. Bg5 g6 3. Bxf6 exf6 4. c4 d5 5. cxd5 Qxd5 6. Nc3 Qa5 7. e3 c6 8. h4 Bg7 9. h5 O-O 10. hxg6 hxg6 11. Nf3 b5 12. Bd3 Re8 13. Qd2 f5 14. O-O Nd7 15. Rfc1 Bb7 16. Ne4 Qxd2 17. Nexd2 a6 18.
Nb3 Rac8 19. Rc2 Ba8 20. Rac1 Bf8 21. Be2 Kg7 22. Ne1 f4 23. exf4 c5 24. dxc5 Be4 25. Bd3 Bc6 26. Nf3 Bxf3 27. gxf3 Rc7 28. Kg2 Rd8 29. Be2 Nf6 30. f5 gxf5 31. Kf1 Nh5 32. Rd1 Rxd1+ 33. Bxd1 Nf4 34. Rc3 Kf6 35. Bc2 Ne6 36.
c6 a5 37. a3 a4 38. Na5 Nd4 39. Bd3 Ke5 40. Kg2 Kd5 41. Rc1 Bd6 42. Rd1 Ke5 43.
Re1+ Kf6 44. Rd1 Bc5 45. Rc1 Bb6 46. Nb7 Ke5 47. Re1+ Kf4 48. Nd6 Rxc6 49. Nxb5 Nxf3 50. Rd1 Rg6+ 51. Kf1 Rg1+ 52. Ke2 Rg2 53. Kf1 Rxf2# 0-1

[Event "*** Titled Tuesday Blitz"]
[Site "Chess.com"]
[Date "2021.04.20"]
[Round "10"]
[White "vinniethepooh"]
[Black "mac0504"]
[Result "1-0"]
[WhiteElo "2739"]
[BlackElo "2595"]
[TimeControl "180+1"]
[EndTime "11:55:58 PDT"]
[Termination "vinniethepooh won on time"]

1. d4 Nf6 2. c4 e6 3. Nc3 Bb4 4. f3 c5 5. d5 O-O 6. e4 Re8 7. dxe6 dxe6 8. Qxd8 Rxd8 9. Ne2 Nc6 10. Be3 Nd4 11. O-O-O e5 12. Bg5 Be6 13. Bxf6 gxf6 14. Nd5 Kg7 15. Nxd4 exd4 16. a3 Ba5 17. b4 Bxd5 18.
exd5 cxb4 19. axb4 Bxb4 20. Rxd4 Rac8 21. Bd3 b5 22.
Kb1 bxc4 23. Bxc4 f5 24. Rc1 Bd6 25. f4 Re8 26. Bd3 Kf6 27. Rc6 Re1+ 28. Kc2 Rxc6+ 29. dxc6 Ke7 30. Bxf5 Re2+ 31. Kb3 Rxg2 32. Bd7 Re2 33. Kc4 a5 34. Kb5 Ra2 35. Re4+ Kf6 36. Rc4 Bc7 37. Ka6 a4 38. Kb7 Bd6 39. c7 Bxc7 40. Kxc7 a3 41. Rc6+ Kg7 42. Ra6 Rc2+ 43. Kd8 a2 44. h4 f6 45. f5 Kh6 46. Rxf6+ Kh5 47. Ra6 Kxh4 48. f6 Rf2 49. Ke7 Kg5 50. f7 Re2+ 51. Be6 Rxe6+ 52. Kxe6 1-0